 Dungeon Crawl Stone Soup version 0.31-a0-345-g1ebeae05c6 (webtiles) character file.

Game seed: 16302071704428631529

574 Gelion the Changeling (level 7, 0/67 HPs)
             Began as a Troll Shapeshifter on July 22, 2023.
             Succumbed to a scorpion's poison
             ... on level 5 of the Dungeon.
             The game lasted 00:04:50 (2710 turns).

Gelion the Changeling (Troll Shapeshifter)          Turns: 2710, Time: 00:04:50

Health: 0/67       AC:  4    Str: 24    XL:     7   Next: 12%
Magic:  6/6        EV: 10    Int:  4    God:
Gold:   208        SH:  0    Dex: 12    Spells: 6/6 levels left

rFire   . .          .
                       - Unarmed
rCold   . . .        (no shield)
rNeg    . . .        a - +0 animal skin
rPois   .            (helmet currently unavailable)
rElec   .            (cloak currently unavailable)
rCorr   .            (gloves unavailable)
SInv    .            (boots unavailable)
Will    .....        (no amulet)
Stlth   +            (no ring)
HPRegen 1.11/turn    (no ring)
MPRegen 0.10/turn

%: no passive effects
@: lethally poisoned (0 -> -1), beast-form
A: beast (slay +3), large, unfitting armour, claws 3, regeneration 1, shaggy fur
1, tough skin 1
a: Begin Untransformation


You were on level 5 of the Dungeon.
You were a hulking beast.
You visited 1 branch of the dungeon, and saw 5 of its levels.

You collected 208 gold pieces.

Inventory:

Armour
 a - a +0 animal skin (worn)
Jewellery
 d - a +6 ring of dexterity
Talismans
 c - a beast talisman
Wands
 i - a wand of roots (12)
 n - a wand of flame (6)
Scrolls
 e - 3 scrolls of revelation
 k - a scroll of enchant weapon {unknown}
 l - a scroll of teleportation
Potions
 b - 2 potions of lignification
 f - 2 potions of curing
 g - 2 potions of cancellation
 h - a potion of attraction
 j - 3 potions of haste
 m - a potion of resistance {unknown}


   Skills:
 + Level 3.1 Fighting
 - Level 1.5 Dodging
 + Level 4.8 Unarmed Combat
 * Level 5.4 Shapeshifting


You had 6 spell levels left.
You didn't know any spells.
Your spell library contained the following spells:

 Spells                   Type           Power      Damage    Failure   Level
 Magic Dart               Conj           0%         1d3       50%         1
 Searing Ray              Conj           0%         2d4       65%         2
 Portal Projectile        Hex/Tloc       0%         N/A       86%         3
 Tukima's Dance           Hex            0%         N/A       86%         3
 Fulminant Prism          Conj/Hex       0%         3d5       99%         4
 Iskenderun's Mystic Bla  Conj/Tloc      0%         2d3       99%         4


Dungeon Overview and Level Annotations

Branches:
Dungeon (5/15)
 Temple: D:4-7

Altars:
Elyvilon
Trog
Yredelemnul


Innate Abilities, Weirdness & Mutations

You are a hulking beast.
Your limbs bulge with bestial killing power. (Slay +3)
You are too large for most types of armour.
You have claws for hands.
Your natural rate of healing is unusually fast.
You are covered in fur. (AC +1)
You have tough skin. (AC +1)


Message History

The hound is heavily wounded.
The hound bites you but does no damage.
You closely miss the hound.
The hound is heavily wounded.
The hound bites you.
* * * LOW HITPOINT WARNING * * *
You completely miss the hound.
The hound is heavily wounded.
The hound bites you but does no damage. The hound misses you.
You claw the hound!
You kill the hound!
You closely miss the hound. The hound bites you.
You claw the hound!
The hound is heavily wounded.
The hound bites you. x2
* * * LOW HITPOINT WARNING * * *
You miss the hound.
The hound is heavily wounded.
The hound bites you.
* * * LOW HITPOINT WARNING * * *
You scratch the hound. Your claw misses the hound.
The hound is almost dead.
The hound bites you.
* * * LOW HITPOINT WARNING * * *
The hound bites you.
* * * LOW HITPOINT WARNING * * *
You scratch the hound.
You kill the hound!
You barely miss the scorpion. The scorpion stings you.
* * * LOW HITPOINT WARNING * * *
You are poisoned.
The scorpion poisons you!
You claw the scorpion!
The scorpion is heavily wounded.
You feel sick. The scorpion stings you.
* * * LOW HITPOINT WARNING * * *
The scorpion stings you but does no damage.
You claw the scorpion!
You kill the scorpion!
You die...

.... ..... ....# ..#
..... ..# ####... #..#
..# .##.....########..#
..
...........h†o##..###.##
..........###oo........
..........# ##.......#
........<.# #.......##
..........#
#....o...#...
..........#
#............
..........#
#.......#....
(........## #.......# .
.##.....## #.......#


You could see 4 orcs.

Vanquished Creatures
  An ogre (D:4)
  2 phantoms
  A bullfrog (D:4)
  A scorpion (D:5)
  An orc priest (D:3)
  3 hounds (D:5)
  An orc wizard (D:5)
  3 gnolls (D:2)
  3 adders
  A worm (D:2)
  2 dart slugs (D:2)
  10 orcs
  5 ball pythons
  7 bats
  4 endoplasms
  2 giant cockroaches
  5 goblins
  7 hobgoblins
  5 kobolds
  6 quokkas
  A frilled lizard (D:3)
  4 rats
75 creatures vanquished.

Notes
Turn   | Place    | Note
-------+----------+-------------------------------------------
     0 | D:1      | Gelion the Troll Shapeshifter began the quest for the Orb.
     0 | D:1      | Reached XP level 1. HP: 18/18 MP: 0/0
   195 | D:1      | Reached skill level 1 in Fighting
   356 | D:1      | Reached XP level 2. HP: 27/27 MP: 1/1
   676 | D:2      | You fall into a shaft and drop 2 floors!
   679 | D:3      | Found a bloodstained altar of Trog.
   694 | D:3      | Reached XP level 3. HP: 33/33 MP: 2/2
   933 | D:3      | Found a white marble altar of Elyvilon.
  1074 | D:2      | Reached XP level 4. HP: 35/41 MP: 3/3
  1280 | D:2      | Reached skill level 4 in Shapeshifting
  1763 | D:3      | Found a basalt altar of Yredelemnul.
  2156 | D:3      | Reached XP level 5. HP: 28/47 MP: 4/4
  2161 | D:3      | Found the +7 staff of the Meek {protect, meekguard}
  2453 | D:4      | Noticed a phantom
  2460 | D:4      | Killed a phantom
  2505 | D:4      | Noticed an ogre
  2509 | D:4      | Killed an ogre
  2510 | D:4      | Reached XP level 6. HP: 33/59 MP: 5/5
  2558 | D:4      | Reached skill level 5 in Shapeshifting
  2653 | D:5      | Entered Level 5 of the Dungeon
  2686 | D:5      | Reached XP level 7. HP: 60/67 MP: 6/6
  2709 | D:5      | HP: 1/67 [scorpion (4)]
  2710 | D:5      | Succumbed to a scorpion's poison

Illustrated notes

Levels and vault maps discovered:
D:1:      heliophobic_arrival_enchanted_forest, layout_basic
D:2:      layout_basic
D:3:      layout_basic, trog_butcher_becter, kennysheep_ying_yang, nrook_uturn,
          grunt_ministairs_2, pf_guarded_unrand_meek
D:4:      layout_rooms
D:5:      layout_rooms, minmay_crystal_water

Skill      XL: |  1  2  3  4  5  6 |
---------------+-------------------+-----
Fighting       | 1 2 3 |  3.1
Shapeshifting  | 4 5 |  5.4
Unarmed Combat | 4 |  4.8
Dodging        | |  1.5

Action                     |  1- 3 |  4- 6 |  7- 9 || total
---------------------------+-------+-------+-------++-------
  Melee: Unarmed           |    77 |    88 |    14 ||   179
         Punch             |       |     2 |       ||     2
    Use: Scroll            |     3 |     5 |       ||     8
         Potion            |       |       |     1 ||     1
   Stab: Sleeping          |       |     1 |       ||     1
 Armour: Animal skin       |    22 |    17 |     6 ||    45
  Dodge: Dodged            |    34 |    49 |    17 ||   100

Table legend: (Time is in decaauts)
 A = Elapsed time spent in this place.
 B = Non-inter-level travel time spent in this place.
 C = Inter-level travel time spent in this place.
 D = Time resting spent in this place.
 E = Time spent auto-exploring this place.
 F = Levels seen in this place.
 G = Mean time per level.
                   A        B        C        D        E       F      G
               +--------+--------+--------+--------+--------+-----+--------+
         Total |   2696 |   2582 |    114 |      0 |   2133 |   5 |  539.2 |
       Dungeon |   2696 |   2582 |    114 |      0 |   2133 |   5 |  539.2 |
               +--------+--------+--------+--------+--------+-----+--------+

Top non-repeatable levels by time:
     D:2: 878 daAuts
     D:3: 841 daAuts
     D:1: 529 daAuts
     D:4: 393 daAuts
     D:5: 54 daAuts
